 Dungeon Crawl Stone Soup version 0.29.1-15-g9cfb28693d (webtiles) character file.

Game seed: 6926384787344055429

60 KreenWarrior the Insei (level 3, 0/43 HPs)
             Began as a Demonspawn Monk on Mar 21, 2023.
             Slain by a hobgoblin (4 damage)
             ... led by Robin
             ... on level 2 of the Dungeon.
             The game lasted 00:05:31 (1402 turns).

KreenWarrior the Insei (Demonspawn Monk)            Turns: 1402, Time: 00:05:31

Health: 0/43       AC: 21    Str: 11    XL:     3   Next: 80%
Magic:  0/3        EV:  2    Int: 11    God:
Gold:   42         SH:  0    Dex: 17    Spells: 2/2 levels left

rFire   . . .      SeeInvis .     - Unarmed
rCold   . . .      Faith    .   (no shield)
rNeg    . . .      Spirit   +   (body armour currently unavailable)
rPois   +          Reflect  .   (helmet currently unavailable)
rElec   .          Harm     .   (cloak currently unavailable)
rCorr   .          Rampage  .   (gloves currently unavailable)
Will    .....      NoTele   +   (boots currently unavailable)
Stlth   ++........              g - amulet of guardian spirit
HPRegen 0.14/turn               (no ring)
MPRegen 0.08/turn               (no ring)

@: tree-form
A: stationary, stasis, torment immunity, boosted hp, rugged brown scales 1
a: no special abilities


You were on level 2 of the Dungeon.
You were a tree.
You visited 1 branch of the dungeon, and saw 2 of its levels.

You collected 42 gold pieces.

Inventory:

Missiles
 c - 12 stones (quivered)
Armour
 a - a +0 robe (melded)
 i - a +0 cloak (melded)
Jewellery
 g - an amulet of guardian spirit (around neck)
Scrolls
 d - a scroll of identify
 e - a scroll of amnesia {unknown}
 k - a scroll of magic mapping {unknown}
 l - a scroll of teleportation {unknown}
Potions
 b - a potion of ambrosia
 h - a potion of heal wounds {unknown}


   Skills:
 + Level 3.4 Fighting
 + Level 3.1 Dodging
 + Level 2.0 Stealth
 + Level 3.6 Unarmed Combat


You had 2 spell levels left.
You didn't know any spells.
Your spell library was empty.

Dungeon Overview and Level Annotations

Branches:
Dungeon (2/15)

Altars:


Innate Abilities, Weirdness & Mutations

You are a tree.
Your roots penetrate the ground, keeping you stationary.
You cannot be teleported.
You are immune to unholy pain and torment.
Your maximum health is greatly increased.
Your equipment is partially melded.
(You are partially covered in rugged brown scales. (AC +1, +3% HP))


Message History

You closely miss the hobgoblin. The goblin hits you with a +0 dagger.
* * * LOW HITPOINT WARNING * * *
The hobgoblin hits you.
* * * LOW HITPOINT WARNING * * *
The goblin misses you.
You feel better. The hobgoblin hits you. The goblin misses you.
The goblin hits you with a +0 dagger.
* * * LOW HITPOINT WARNING * * *
Really quaff the potion of lignification?
You turn into a tree.
Your +0 cloak melds into your body.
Your +0 robe melds into your body.
Your roots penetrate the ground.
The goblin hits you but does no damage. The hobgoblin hits you.
* * * LOW HITPOINT WARNING * * *
The goblin hits you but does no damage.
You hit the hobgoblin but do no damage. The goblin barely misses you.
The hobgoblin completely misses you. The goblin hits you but does no damage.
You smack the goblin!
You kill the goblin!
The goblin hits you but does no damage. The hobgoblin hits you.
* * * LOW HITPOINT WARNING * * *
You barely miss the goblin. The goblin hits you with a +0 dagger.
* * * LOW HITPOINT WARNING * * *
The hobgoblin barely misses you.
You smack the goblin!
You kill the goblin!
The hobgoblin barely misses you.
You smack the goblin!
You kill the goblin!
The hobgoblin hits you but does no damage.
You hit the hobgoblin.
The hobgoblin is almost dead.
The hobgoblin hits you but does no damage.
You smack the hobgoblin!
You kill the hobgoblin!
The goblin no longer looks unusually strong.
The goblin hits you but does no damage.
You hit the hobgoblin.
The hobgoblin is heavily wounded.
The hobgoblin hits you.
You die...

#.#.# #.#.##
#....######## #
#.........<.#.#
##...#####....###.
##.######.#!..)..
#.#....)....####
#.#..gg######
#.####♣# #######.#
#)#
........####.######
.###................
#.#######.####### #.
#.# # #.# #.# #.#


You could see a hobgoblin (strong) and a goblin.

Vanquished Creatures
  Robin (D:2)
  A worm (D:2)
  A dart slug (D:1)
  3 ball pythons (D:1)
  4 endoplasms (D:1)
  A giant cockroach (D:1)
  10 goblins
  6 hobgoblins
  3 jackals (D:1)
  3 kobolds (D:1)
  A quokka (D:1)
  3 bats (D:1)
  A rat (D:1)
38 creatures vanquished.

Notes
Turn   | Place    | Note
-------+----------+-------------------------------------------
     0 | D:1      | KreenWarrior the Demonspawn Monk began the quest for the
                  | Orb.
     0 | D:1      | Reached XP level 1. HP: 18/18 MP: 1/1
   315 | D:1      | Gained mutation: You are partially covered in rugged brown
                  | scales. (AC +1, +3% HP) [demonic ancestry]
   315 | D:1      | Reached XP level 2. HP: 17/24 MP: 2/2
  1068 | D:1      | Reached XP level 3. HP: 29/29 MP: 3/3
  1368 | D:2      | Noticed Robin
  1390 | D:2      | Killed Robin
  1402 | D:2      | Slain by a hobgoblin

Illustrated notes

Levels and vault maps discovered:
D:1:      dpeg_arrival_shelter, layout_basic
D:2:      layout_loops_ring, chequers_ecumenical_altar_simple, uniq_robin

Skill      XL: |  1  2  3 |
---------------+----------+-----
Unarmed Combat | 3 |  3.6
Dodging        | 3 |  3.1
Stealth        | 2 |  2.0
Fighting       | |  3.4

Action                   || total
-------------------------++-------
Melee: Unarmed           ||   149
       Punch             ||     5
  Use: Potion            ||     3
       Scroll            ||     1
Armor: Robe              ||    41
       Skin              ||     7
Dodge: Dodged            ||   115
